 Dungeon Sprint DCSS version 0.16-a0-4097-gb4d75fa (webtiles) character file.

7900000 PolkaDot the Heavyweight Champion (level 27, -2/323 HPs)
             Began as an Ogre Monk on Feb 25, 2015.
             Was the Champion of Makhleb.
             Slain by a meat beast (15 damage)
             ... in the Dungeon (Sprint VIII: "Arena of Blood").
             The game lasted 00:04:00 (79 turns).

PolkaDot the Heavyweight Champion (Ogre Monk)         Turns: 79, Time: 00:04:00

Health: -2/323     AC:  5    Str: 24    XL:     27
Magic:  30/49      EV: 33    Int:  9    God:    Makhleb [******]
Gold:   0          SH:  0    Dex: 21    Spells: 0 memorised, 80 levels left

rFire  . . .     SeeInvis .     i - +∞ Axe of Woe
rCold  . . .     Clarity  .     a - +0 robe
rNeg   . . .     SustAb   .     (shield restricted)
rPois  .         Gourm    .     (helmet restricted)
rElec  .         Spirit   .     (no cloak)
rCorr  .         Warding  .     (gloves unavailable)
rMut   .         NoTele   +     (boots unavailable)
MR     ++...                    (no amulet)
Stlth  +++++++...               (no ring)
                                (no ring)

@: very resistant to hostile enchantments, extremely stealthy
A: unfitting armour, tough skin 1
a: Minor Destruction, Lesser Servant of Makhleb, Major Destruction, Greater
Servant of Makhleb, Renounce Religion


You were in the Dungeon.
You worshipped Makhleb.
Makhleb was exalted by your worship.
You were not hungry.

You visited 1 branch

Inventory:

Hand weapons
 i - the +∞ Axe of Woe (weapon)
   (You found it in the Dungeon)
Armour
 a - a +0 robe (worn)
Scrolls
 h - a scroll of blinking
Potions
 c - a potion of curing
 d - a potion of heal wounds
 e - a potion of haste
 f - 2 potions of magic
 g - a potion of berserk rage
Comestibles
 b - a meat ration


   Skills:
 O Level 27 Fighting
 O Level 27 Axes
 O Level 27 Throwing
 O Level 27 Armour
 O Level 27 Dodging
 O Level 27 Stealth
 O Level 27 Unarmed Combat
 O Level 27 Spellcasting
 O Level 27 Invocations


You had 80 spell levels left.
You didn't know any spells.

Dungeon Overview and Level Annotations

Branches:
Dungeon (1/1)

Altars:
Makhleb


Innate Abilities, Weirdness & Mutations

You are too large for most types of armour.
You have tough skin (AC +1).


Message History

The eight-headed meat hydra convulses!
The meat beast is engulfed in roaring flames.
You hear a shout! x4
A meat berserker comes into view. It is wielding a +9 battleaxe.
You hear a shout! x2
The bag of meat is engulfed in roaring flames.
You hear a shout!
The eight-headed meat hydra calls on the powers of darkness!
The eight-headed meat hydra convulses!
Your body is wracked with pain!
* * * LOW HITPOINT WARNING * * *
The bag of meat convulses! x3
The meat berserker convulses!
You hear a shout! x2
The accursed points at you and mumbles some strange words.
Something smites you!
* * * LOW HITPOINT WARNING * * *
You hear a shout! x2
The meat beast is engulfed in roaring flames.
The meat beast bites you!
You die...

..##. #.# ....... .. .
###.%...##.##..
..........%......
#..........#M#...
#........%o......
#..C..§Wo...O..%.
....#...o§§§)..%....
........@2))§%.D....
.........)W..%%....
.......#)))....#..
.#.....#))))...# . .
..%..###))))O))###....
.......))###.)......o
#......%._)))......o
......#%....#.......
......#_%<._#......


You could see an accursed, a meat beast, an eight-headed meat hydra, a large bag
of meat (inner flame), 2 dreads, 2 meat berserkers and 3 bags of meat.

Vanquished Creatures
  Harold (D)
  2 greater mummies (D)
  5 hill giants (D)
  A lich (D)
  19 ogres (D)
  64 orcs (D)
  4 skeletal warriors (D)
  11 vampire knights (D)
  8 large abominations (D)
  A reaper (D)
  4 small abominations (D)
  5 crawling corpses (D)
125 creatures vanquished.

Vanquished Creatures (others)
  13 crawling corpses (D)
13 creatures vanquished.

Grand Total: 138 creatures vanquished

Notes
Turn   | Place    | Note
--------------------------------------------------------------
     0 | D        | PolkaDot, the Ogre Monk, began the quest for the Orb.
     0 | D        | Reached XP level 1. HP: 24/24 MP: 1/1
     3 | D        | Noticed a bag of meat
     4 | D        | Became a worshipper of Makhleb the Destroyer
     4 | D        | Acquired Makhleb's first power
     4 | D        | Acquired Makhleb's second power
     5 | D        | Noticed a bag of meat
     5 | D        | Noticed a bag of meat
     6 | D        | Noticed a bag of meat
     6 | D        | Noticed a bag of meat
     6 | D        | Noticed a bag of meat
     6 | D        | Noticed a meat berserker
     7 | D        | Noticed a meat berserker
     7 | D        | Noticed a bag of meat
     9 | D        | Noticed a meat berserker
     9 | D        | Noticed a bag of meat
     9 | D        | Noticed a meat berserker
     9 | D        | Killed a bag of meat
     9 | D        | Reached skill level 20 in Axes
     9 | D        | Reached XP level 2. HP: 32/32 MP: 2/2
     9 | D        | Reached XP level 3. HP: 39/39 MP: 3/3
     9 | D        | Reached XP level 4. HP: 48/48 MP: 4/4
     9 | D        | Reached XP level 5. HP: 54/54 MP: 5/5
     9 | D        | Reached XP level 6. HP: 62/62 MP: 6/6
     9 | D        | Reached XP level 7. HP: 70/70 MP: 7/7
     9 | D        | Reached XP level 8. HP: 78/78 MP: 8/8
     9 | D        | Reached XP level 9. HP: 84/84 MP: 9/9
     9 | D        | Reached XP level 10. HP: 92/92 MP: 10/10
     9 | D        | Reached XP level 11. HP: 100/100 MP: 11/11
    10 | D        | Noticed a bag of meat
    10 | D        | Noticed a meat berserker
    10 | D        | Noticed a bag of meat
    10 | D        | Killed a meat berserker
    10 | D        | Reached XP level 12. HP: 100/130 MP: 12/12
    10 | D        | Killed a bag of meat
    10 | D        | Acquired Makhleb's third power
    10 | D        | Reached skill level 10 in Dodging
    10 | D        | Reached skill level 15 in Unarmed Combat
    10 | D        | Reached XP level 13. HP: 136/146 MP: 13/13
    10 | D        | Killed a bag of meat
    10 | D        | Reached XP level 14. HP: 155/162 MP: 14/14
    11 | D        | Killed a meat berserker
    11 | D        | Acquired Makhleb's fourth power
    11 | D        | Killed a meat berserker
    11 | D        | Reached skill level 5 in Stealth
    11 | D        | Reached XP level 15. HP: 174/179 MP: 15/15
    11 | D        | Killed a bag of meat
    11 | D        | Reached skill level 21 in Unarmed Combat
    11 | D        | Killed a bag of meat
    11 | D        | Acquired Makhleb's fifth power
    11 | D        | Reached skill level 15 in Dodging
    11 | D        | Reached skill level 22 in Unarmed Combat
    12 | D        | Noticed a bag of meat
    12 | D        | Noticed a bag of meat
    12 | D        | Noticed a bag of meat
    14 | D        | Killed a meat berserker
    14 | D        | Reached skill level 23 in Unarmed Combat
    14 | D        | Reached XP level 16. HP: 195/198 MP: 16/16
    15 | D        | Killed a bag of meat
    15 | D        | Reached skill level 24 in Unarmed Combat
    16 | D        | Killed a bag of meat
    16 | D        | Reached skill level 25 in Unarmed Combat
    17 | D        | Noticed a meat berserker
    17 | D        | Noticed a meat berserker
    17 | D        | Noticed a meat berserker
    17 | D        | Killed a bag of meat
    17 | D        | Reached skill level 26 in Unarmed Combat
    18 | D        | Noticed a bag of meat
    19 | D        | Noticed a bag of meat
    19 | D        | Noticed a destroyer
    19 | D        | Noticed a bag of meat
    19 | D        | Noticed a bag of meat
    19 | D        | Killed a bag of meat
    19 | D        | Reached XP level 17. HP: 216/219 MP: 17/17
    20 | D        | Noticed a bag of meat
    20 | D        | Noticed a bag of meat
    20 | D        | Noticed a bag of meat
    20 | D        | Noticed a bag of meat
    20 | D        | Noticed a bag of meat
    20 | D        | Killed a bag of meat
    20 | D        | Reached skill level 27 in Unarmed Combat
    20 | D        | Killed a bag of meat
    20 | D        | Reached skill level 27 in Fighting
    20 | D        | Noticed a destroyer
    21 | D        | Noticed a bag of meat
    21 | D        | Noticed a bag of meat
    21 | D        | Noticed a bag of meat
    21 | D        | Noticed a bag of meat
    21 | D        | Noticed a bag of meat
    21 | D        | Noticed a bag of meat
    21 | D        | Noticed a meat berserker
    21 | D        | Killed a meat berserker
    22 | D        | Noticed a bag of meat
    22 | D        | Noticed a bag of meat
    22 | D        | Killed a bag of meat
    22 | D        | Reached XP level 18. HP: 228/236 MP: 18/18
    22 | D        | Killed a meat berserker
    22 | D        | Killed a meat berserker
    23 | D        | Noticed a bag of meat
    23 | D        | Noticed a bag of meat
    23 | D        | Noticed a bag of meat
    23 | D        | Noticed a bag of meat
    23 | D        | Noticed a bag of meat
    23 | D        | Noticed a bag of meat
    23 | D        | Noticed a bag of meat
    23 | D        | Noticed a bag of meat
    24 | D        | Noticed a bag of meat
    24 | D        | Noticed a bag of meat
    24 | D        | Noticed a bag of meat
    24 | D        | Noticed a bag of meat
    24 | D        | Killed a destroyer
    25 | D        | Noticed a bag of meat
    25 | D        | Noticed a large bag of meat
    25 | D        | Killed a bag of meat
    25 | D        | Reached skill level 10 in Stealth
    26 | D        | Killed a meat berserker
    26 | D        | Reached XP level 19. HP: 245/245 MP: 18/18
    26 | D        | Killed a bag of meat
    26 | D        | Reached skill level 27 in Axes
    26 | D        | Reached skill level 27 in Dodging
    27 | D        | Noticed a large bag of meat
    27 | D        | Noticed a bag of meat
    27 | D        | Killed a bag of meat
    27 | D        | Killed a bag of meat
    27 | D        | Killed a bag of meat
    27 | D        | Killed a bag of meat
    27 | D        | Reached XP level 20. HP: 256/256 MP: 19/19
    27 | D        | Killed a bag of meat
    27 | D        | Killed a bag of meat
    27 | D        | Reached skill level 27 in Stealth
    29 | D        | Noticed a bag of meat
    29 | D        | Killed a bag of meat
    29 | D        | Reached skill level 5 in Armour
    29 | D        | Killed a bag of meat
    29 | D        | Reached skill level 10 in Throwing
    29 | D        | Reached skill level 10 in Spellcasting
    29 | D        | Reached skill level 10 in Invocations
    29 | D        | Killed a bag of meat
    29 | D        | Killed a bag of meat
    29 | D        | Reached XP level 21. HP: 265/265 MP: 19/40
    29 | D        | Killed a bag of meat
    29 | D        | Reached skill level 15 in Throwing
    29 | D        | Reached skill level 15 in Spellcasting
    29 | D        | Reached skill level 15 in Invocations
    30 | D        | Killed a bag of meat
    30 | D        | Killed a bag of meat
    31 | D        | Killed a bag of meat
    31 | D        | Reached skill level 15 in Armour
    31 | D        | Killed a bag of meat
    31 | D        | Killed a bag of meat
    32 | D        | Noticed a destroyer
    32 | D        | Killed a destroyer
    32 | D        | Reached XP level 22. HP: 275/275 MP: 19/45
    32 | D        | Killed a bag of meat
    32 | D        | Killed a bag of meat
    32 | D        | Killed a bag of meat
    33 | D        | Noticed a destroyer
    33 | D        | Noticed a meat berserker
    33 | D        | Killed a bag of meat
    33 | D        | Killed a bag of meat
    33 | D        | Killed a bag of meat
    34 | D        | Killed a bag of meat
    34 | D        | Killed a large bag of meat
    34 | D        | Reached XP level 23. HP: 253/284 MP: 20/47
    35 | D        | Noticed a sculptor of flesh
    35 | D        | Noticed a destroyer
    35 | D        | Noticed a sculptor of flesh
    35 | D        | Noticed The Servant
    35 | D        | Killed a bag of meat
    35 | D        | Reached skill level 27 in Throwing
    35 | D        | Reached skill level 27 in Spellcasting
    35 | D        | Reached skill level 27 in Invocations
    35 | D        | Killed a large bag of meat
    35 | D        | Killed a bag of meat
    36 | D        | Noticed a bag of meat
    36 | D        | Killed a destroyer
    36 | D        | Killed a bag of meat
    36 | D        | Reached skill level 27 in Armour
    37 | D        | Killed a meat berserker
    38 | D        | Noticed a destroyer
    38 | D        | Noticed a bag of meat
    38 | D        | Killed a bag of meat
    38 | D        | Killed a bag of meat
    38 | D        | Reached XP level 24. HP: 295/295 MP: 20/48
    39 | D        | Noticed a bag of meat
    39 | D        | Noticed a bag of meat
    39 | D        | Noticed a destroyer
    41 | D        | Noticed a sculptor of flesh
    41 | D        | Killed a bag of meat
    42 | D        | Killed a destroyer
    43 | D        | Killed a sculptor of flesh
    43 | D        | Killed a destroyer
    43 | D        | Killed a destroyer
    44 | D        | Killed a bag of meat
    44 | D        | Noticed a destroyer
    44 | D        | Noticed a bag of meat
    47 | D        | Killed a bag of meat
    47 | D        | Killed a bag of meat
    48 | D        | Noticed a meat berserker
    48 | D        | Killed a destroyer
    48 | D        | Reached XP level 25. HP: 304/304 MP: 23/49
    49 | D        | Noticed a large bag of meat
    49 | D        | Noticed a tyrant
    49 | D        | Killed a sculptor of flesh
    50 | D        | Noticed a meat berserker
    50 | D        | Killed a large bag of meat
    50 | D        | Killed a sculptor of flesh
    50 | D        | Killed a bag of meat
    51 | D        | Noticed a destroyer
    51 | D        | Noticed a bag of meat
    51 | D        | Noticed a meat berserker
    52 | D        | Noticed a bag of meat
    52 | D        | Noticed a bag of meat
    52 | D        | Noticed a meat berserker
    52 | D        | Killed a bag of meat
    53 | D        | Noticed a bag of meat
    53 | D        | Killed a meat berserker
    53 | D        | Noticed a bag of meat
    54 | D        | Noticed an accursed
    54 | D        | Noticed a large bag of meat
    54 | D        | Noticed a sculptor of flesh
    55 | D        | Killed a meat berserker
    55 | D        | Killed a destroyer
    55 | D        | Killed a meat berserker
    56 | D        | Noticed a destroyer
    56 | D        | Killed a tyrant
    56 | D        | Reached XP level 26. HP: 175/314 MP: 25/49
    56 | D        | Killed a meat berserker
    56 | D        | Killed a bag of meat
    57 | D        | Noticed a bag of meat
    57 | D        | Noticed a meat berserker
    57 | D        | Noticed a large bag of meat
    57 | D        | Noticed a bag of meat
    57 | D        | Noticed a bag of meat
    58 | D        | Noticed a bag of meat
    58 | D        | Killed a bag of meat
    58 | D        | Killed a bag of meat
    59 | D        | Noticed a bag of meat
    59 | D        | Killed a meat berserker
    59 | D        | Killed a large bag of meat
    59 | D        | Killed a bag of meat
    59 | D        | Killed a destroyer
    60 | D        | Killed a bag of meat
    61 | D        | Noticed a bag of meat
    61 | D        | Noticed a destroyer
    61 | D        | Noticed a bag of meat
    61 | D        | Noticed an accursed
    62 | D        | Noticed an accursed
    62 | D        | Killed a meat berserker
    62 | D        | Reached XP level 27. HP: 199/323 MP: 26/49
    63 | D        | Noticed a bag of meat
    63 | D        | Killed a bag of meat
    63 | D        | Killed a bag of meat
    64 | D        | Noticed a meat berserker
    65 | D        | Killed a bag of meat
    65 | D        | Killed a large bag of meat
    66 | D        | Noticed a meat berserker
    66 | D        | Killed a destroyer
    66 | D        | Killed a bag of meat
    67 | D        | Noticed a meat berserker
    67 | D        | Noticed a bag of meat
    67 | D        | Noticed a meat berserker
    67 | D        | Killed a bag of meat
    68 | D        | Killed a meat berserker
    68 | D        | Killed a destroyer
    68 | D        | Killed a bag of meat
    69 | D        | Noticed a bag of meat
    69 | D        | Noticed a bag of meat
    69 | D        | Killed a bag of meat
    70 | D        | Noticed a dread
    70 | D        | Killed a sculptor of flesh
    70 | D        | Killed a bag of meat
    70 | D        | Noticed a bag of meat
    71 | D        | Noticed a bag of meat
    71 | D        | Killed a meat berserker
    71 | D        | Killed a meat berserker
    71 | D        | Killed an accursed
    73 | D        | Noticed a dread
    73 | D        | Killed The Servant
    73 | D        | Killed a bag of meat
    74 | D        | Killed a meat berserker
    76 | D        | Noticed a large bag of meat
    76 | D        | Killed an accursed
    76 | D        | Killed a bag of meat
    77 | D        | Noticed a meat beast
    78 | D        | Killed a bag of meat
    79 | D        | Noticed a meat berserker
    79 | D        | HP: 13/323 [accursed/divine providence (11)]
    79 | D        | Slain by a meat beast

Action                   |  1- 3 |  4- 6 |  7- 9 | 10-12 | 13-15 | 16-18 | 19-21 | 22-24 | 25-27 || total
-------------------------+-------+-------+-------+-------+-------+-------+-------+-------+-------++-------
Melee: Executioner's axe |     1 |       |       |     1 |     2 |    10 |     5 |    15 |    24 ||    58
